 Dungeon Crawl Stone Soup version 0.25-a0-829-g4e6a552925 (webtiles) character file.

Game seed: 6296517704391133601, levelgen mode: deterministic

1058 spriggan3rune the Sneak (level 8, -6/37 HPs)
             Began as a Spriggan Assassin on Apr 21, 2020.
             Was a Priest of Kikubaaqudgha.
             Mangled by a wight
             ... wielding a +3 trident
              (7 damage)
             ... on level 6 of the Dungeon.
             The game lasted 00:20:43 (6381 turns).

spriggan3rune the Sneak (Spriggan Assassin)         Turns: 6381, Time: 00:20:44

Health: -6/37      AC:  4    Str:  8    XL:     8   Next: 6%
Magic:  14/14      EV: 17    Int: 13    God:    Kikubaaqudgha [***...]
Gold:   189        SH:  0    Dex: 18    Spells: 5/14 levels left

rFire    . . .     SeeInvis +   a - +2 dagger
rCold    . . .     Gourm    .   (shield restricted)
rNeg     . . .     Faith    .   b - +0 robe
rPois    .         Spirit   .   (helmet restricted)
rElec    .         Reflect  .   c - +1 cloak
rCorr    .         Harm     .   (gloves unavailable)
MR       +....                  (boots unavailable)
Stlth    +++.......             (no amulet)
HPRegen  0.12/turn              (no ring)
MPRegen  0.14/turn              (no ring)

@: drained, very quick
A: very small, unfitting armour, see invisible, herbivore, speed 3, slow
metabolism 2
a: Receive Corpses, Renounce Religion


You were on level 6 of the Dungeon.
You worshipped Kikubaaqudgha.
Kikubaaqudgha was most pleased with you.
You were hungry.

You visited 2 branches of the dungeon, and saw 7 of its levels.

You collected 189 gold pieces.

Inventory:

Hand Weapons
 a - a +2 dagger (weapon)
Missiles
 e - 11 poisoned darts (quivered)
 l - a curare-tipped dart
 r - 4 boomerangs
Armour
 b - a +0 robe (worn)
 c - a +1 cloak (worn)
 d - a +0 buckler
Scrolls
 g - 3 scrolls of amnesia
 h - 4 scrolls of identify
 j - a scroll of immolation {unknown}
 n - a scroll of random uselessness {unknown}
 o - a scroll of enchant armour
 t - a scroll of blinking {unknown}
Potions
 i - 2 potions of might {unknown}
 k - a potion of curing
 m - 2 potions of heal wounds {unknown}
 q - a potion of flight {unknown}
 s - a potion of mutation {unknown}
 u - 2 potions of cancellation {unknown}
Comestibles
 f - 5 rations


   Skills:
 - Level 1.5(0.7) Fighting
 * Level 6.6(5.6) Short Blades
 + Level 4.2(3.3) Throwing
 - Level 3.0(2.1) Dodging
 - Level 7.0(6.0) Stealth
 + Level 2.0(1.1) Shields
 + Level 3.6(2.7) Spellcasting
 + Level 2.7(1.8) Necromancy


You had 5 spell levels left.
You knew the following spells:

 Your Spells              Type           Power        Failure   Level  Hunger
a - Vampiric Draining     Necr           #.........   32%         3    ###....
b - Corpse Rot            Necr/Air       N/A          24%         2    ###....
c - Animate Dead          Necr           N/A          73%         4    #####..

Your spell library contained the following spells:

 Spells                   Type           Power        Failure   Level  Hunger
 Pain                     Necr           #...         11%         1    #......
 Sublimation of Blood     Necr           #.........   17%         2    ###....
 Dispel Undead            Necr           #.......     73%         4    #####..
 Agony                    Necr           #.......     97%         5    ######.
 Borgnjor's Vile Clutch   Necr/Erth      #.........   99%         5    ######.
 Death Channel            Necr           #.........   100%        6    #######


Dungeon Overview and Level Annotations

Branches:
Dungeon (6/15)             Temple (1/1) D:6

Altars:
Ashenzari
Cheibriados
Dithmenos
Fedhas
Gozag
Hepliaklqana
Kikubaaqudgha
Makhleb
Ru
Sif Muna
Uskayaw
Vehumet
Wu Jian
Yredelemnul
Zin
The Shining One

Annotations:
D:4 Dowan, Duvessa
D:5 Pikel


Innate Abilities, Weirdness & Mutations

You are very small and have problems with some larger weapons.
You are too small for most types of armour.
You have supernaturally acute eyesight. (SInv)
You are a herbivore.
You cover ground extremely quickly.
You need to consume almost no food.


Message History

A wight comes into view.
It is wielding a +2 great sword of freezing.
The wight hits you with a +0 scimitar.
The adder hisses angrily.
You hear a shout!
The wight hits you from afar with a +3 trident!
You feel drained.
You hear a shout!
As you read the scroll labeled GAUTRU WIVEN, it crumbles to dust.
It is a scroll of enchant armour.
Your +0 cloak glows green for a moment.
An orc comes into view. It is wielding a +0 dagger.
As you read the scroll labeled AGOKHYNNU JEUB, it crumbles to dust.
You feel blessed for a moment.
It was a scroll of remove curse.
The wight hits you with a +0 scimitar!
* * * LOW HITPOINT WARNING * * *
You feel drained.
* * * LOW HITPOINT WARNING * * *
The wight barely misses you.
The wight hits you from afar with a +3 trident!
You die...
Kikubaaqudgha rasps: "You have failed me!
Welcome... death!"

#... ## . #...
#z.# # . #...
#.## .##.# #...
...###....# #...
##.....#...###
#...##...#
#...o...# #..z#
###z.$#
#.#####.zS###
#######...zz.@###
##..†.....######
#..##....##
##.###.#### ##z.#
#.# #...###.#
#.P.P...#
.##.#####
P#...#P##


You could see 4 wights, an adder and an orc.

Vanquished Creatures
  Edmund (D:5)
  An orc warrior (D:4)
  2 ogres
  A gnoll sergeant (D:5)
  2 crimson imps (D:5)
  3 hounds
  Crazy Yiuf (D:2)
  2 orc priests (D:5)
  3 orc wizards (D:5)
  An iguana (Temple)
  3 gnolls (D:5)
  9 adders
  3 oozes
  4 worms
  3 dart slugs
  A leopard gecko (D:3)
  24 orcs
  A ball python (D:3)
  2 giant cockroaches
  7 hobgoblins
  2 jackals (D:2)
  A quokka (D:2)
  11 bats
  8 frilled lizards
  10 goblins
  11 kobolds
  A leopard gecko zombie (D:5)
  A quokka zombie (D:5)
  7 rats
126 creatures vanquished.

Notes
Turn   | Place    | Note
-------+----------+-------------------------------------------
     0 | D:1      | spriggan3rune the Spriggan Assassin began the quest for the
                  | Orb.
     0 | D:1      | Reached XP level 1. HP: 10/10 MP: 2/2
   134 | D:1      | Reached skill level 6 in Stealth
   139 | D:1      | Reached XP level 2. HP: 6/14 MP: 3/3
  1131 | D:1      | Reached XP level 3. HP: 18/18 MP: 4/4
  1554 | D:2      | Found a runed translucent door.
  1555 | D:2      | Noticed Crazy Yiuf
  2136 | D:2      | Reached XP level 4. HP: 14/22 MP: 5/5
  2849 | D:2      | Killed Crazy Yiuf
  2971 | D:3      | Found a faded altar of an unknown god.
  2979 | D:3      | Became a worshipper of Kikubaaqudgha
  2979 | D:3      | Reached * piety under Kikubaaqudgha
  2979 | D:3      | Identified Kikubaaqudgha's Tome of Evil Arts (Kikubaaqudgha
                  | gifted it to you on level 3 of the Dungeon)
  2979 | D:3      | Received a gift from Kikubaaqudgha
  2985 | D:3      | Learned a level 3 spell: Vampiric Draining
  3020 | D:3      | Reached XP level 5. HP: 25/25 MP: 6/6
  3318 | D:3      | Reached skill level 7 in Stealth
  3326 | D:3      | Reached ** piety under Kikubaaqudgha
  3564 | D:3      | Reached skill level 1 in Spellcasting
  3937 | D:3      | Learned a level 2 spell: Corpse Rot
  3977 | D:4      | Noticed Duvessa
  3977 | D:4      | Noticed Dowan
  4327 | D:4      | Noticed an orc warrior
  4374 | D:4      | Killed an orc warrior
  4374 | D:4      | Reached skill level 5 in Short Blades
  4374 | D:4      | Reached skill level 1 in Necromancy
  4374 | D:4      | Reached XP level 6. HP: 28/30 MP: 7/9
  4572 | D:4      | Reached skill level 1 in Shields
  4792 | D:5      | Entered Level 5 of the Dungeon
  4935 | D:5      | Noticed Edmund
  4938 | D:5      | Killed Edmund
  4938 | D:5      | Reached XP level 7. HP: 33/33 MP: 11/11
  5315 | D:5      | Reached *** piety under Kikubaaqudgha
  5315 | D:5      | Identified Kikubaaqudgha's Almanac of Unholy Rites
                  | (Kikubaaqudgha gifted it to you on level 5 of the Dungeon)
  5315 | D:5      | Received a gift from Kikubaaqudgha
  5322 | D:5      | Learned a level 4 spell: Animate Dead
  6050 | D:5      | Noticed Pikel
  6073 | D:6      | Found a staircase to the Ecumenical Temple.
  6083 | D:6      | Reached XP level 8. HP: 37/37 MP: 14/14
  6148 | Temple   | Entered the Ecumenical Temple
  6381 | D:6      | HP: 1/37 [wight/+0 scimitar (2)]
  6381 | D:6      | Mangled by a wight

Levels and vault maps discovered:
D:1:      wander_arrival_abandoned_jail, layout_rooms
D:2:      cheibrodos_helix_gallery, layout_basic, first_ration,
          uniq_crazy_yiuf_cottage
D:3:      layout_basic, chequers_ecumenical_altar_simple_redux, minmay_vboxes
D:4:      layout_loops_corners, uniq_duvessa
D:5:      layout_basic, nicolae_overflow_hidden_temple, uniq_edmund, uniq_pikel
D:6:      layout_rooms, overflow_temple_1_default,
          minmay_temple_entry_gardened_gates, kennysheep_generic_room_7,
          uniq_maggie, uniq_sigmund
Temple:   eino_temple_scatter_basement

Skill      XL: |  1  2  3  4  5  6  7  8 |
---------------+-------------------------+-----
Stealth        | 6 7 |  7.0
Dodging        | 2 3 |  3.0
Short Blades   | 3 4 5 6 |  6.6
Throwing       | 3 4 |  4.2
Spellcasting   | 1 2 3 |  3.6
Necromancy     | 1 2 |  2.7
Shields        | 1 2 |  2.0
Fighting       | |  1.5

Action                   |  1- 3 |  4- 6 |  7- 9 || total
-------------------------+-------+-------+-------++-------
Melee: Dagger            |   106 |   125 |    77 ||   308
Throw: Dart              |    40 |    91 |    50 ||   181
       Boomerang         |       |       |    42 ||    42
  Use: Scroll            |     1 |     2 |     2 ||     5
       Potion            |       |       |     1 ||     1
 Stab: Sleeping          |     9 |    16 |     2 ||    27
       Distracted        |       |     2 |       ||     2
  Eat: Ration            |       |       |     1 ||     1
Armor: Robe              |    21 |    15 |     4 ||    40
Dodge: Dodged            |    71 |    90 |    59 ||   220

Table legend:
 A = Non-vault XP
 B = Vault XP
 C = Vault XP percentage of total XP
 D = Non-vault monster count
 E = Vault monster count
 F = Vault count percentage of total count
                 A         B        C        D         E       F
            +---------+---------+-------+---------+---------+-------
      Total |    1266 |     246 |  16.3 |     116 |      10 |   7.9
            +---------+---------+-------+---------+---------+-------
        D:1 |      49 |       0 |   0.0 |      25 |       0 |   0.0
        D:2 |      83 |      45 |  35.2 |      22 |       3 |  12.0
        D:3 |      95 |      37 |  28.0 |      27 |       6 |  18.2
        D:4 |     369 |       0 |   0.0 |      18 |       0 |   0.0
        D:5 |     497 |     164 |  24.8 |      20 |       1 |   4.8
        D:6 |     137 |       0 |   0.0 |       3 |       0 |   0.0
     Temple |      36 |       0 |   0.0 |       1 |       0 |   0.0
            +---------+---------+-------+---------+---------+-------
